Map: Magannatha LE

Players

Sindyr - Winner!

  • Race: Zerg Zerg
  • League: Master
  • Spawn Location: 11:00

merias

  • Race: Terran Terran
  • League: Master
  • Spawn Location: 5:00

VOD

Have the link to the VOD?

Description

Time

  • Played on: Sept. 24, 2025, 10:44 a.m.
  • Length: 10:40
Show
View Real Time Build Order
Export as new Build Order

Sindyr Zerg - Winner!

Build Orders: Hatch First 

Get SALT Encoding   

  12  0:01  Drone  
  13  0:12  Overlord  
  13  0:24  Drone  
  14  0:31  Drone x2  
  16  0:50  Hatchery  
  16  0:51  Drone  
  16  0:54  Drone  
  17  0:58  Extractor  
  17  1:00  Drone  
  17  1:31  Drone  
  17  1:32  Spawning Pool  
  17  1:37  Drone x2  
  19  1:51  Drone  
  19  1:53  Drone  
  21  2:04  Overlord  
  21  2:22  Queen x2  
  25  2:23  Zergling x4  
  25  2:24  Zergling x2  
  25  2:27  Drone x2  
  30  2:31  Metabolic Boost  
  30  2:36  Drone  
  31  2:56  Overlord  
  31  2:57  Queen x2  
  35  3:05  Drone  
  36  3:18  Drone x5  
  41  3:23  Extractor  
  40  3:32  Roach Warren  
  39  3:45  Drone x3  
  43  3:48  Drone x2  
  43  3:50  Overlord x2  
  44  4:08  Extractor  
  44  4:09  Drone x9, Extractor  
  51  4:14  Lair  
  51  4:38  Drone x2, Overlord  
  53  4:39  Overlord  
  53  4:48  Pneumatized Carapace  
  53  4:55  Evolution Chamber  
  45  5:12  Overseer x2, Spore Crawler  
  37  5:14  Roach, Zergling x2  
  37  5:15  Roach x6, Zergling x10  
  37  5:17  Spore Crawler  
  43  5:47  Drone x3  
  43  5:48  Drone x4  
  49  6:12  Ravager x3  
  49  6:13  Ravager  
  49  6:14  Ravager  
  54  6:20  Zerg Missile Weapons Level 1  
  54  6:22  Glial Reconstitution  
  54  6:25  Drone x5  
  51  6:51  Drone x7  
  51  6:52  Drone  
  60  6:54  Drone x2  
  60  6:55  Drone  
  62  7:08  Zergling x2  
  62  7:09  Zergling x6  
  66  7:22  Drone x3  
  69  7:34  Overlord x2  
  69  7:38  Evolution Chamber  
  68  7:48  Queen x2  
  72  8:05  Spore Crawler  
  71  8:06  Spore Crawler  
  71  8:10  Spore Crawler x2  
  58  8:24  Queen  
  57  8:35  Roach, Zergling x2  
  57  8:36  Zergling x6, Roach  
  65  8:59  Spore Crawler  
  65  9:01  Spore Crawler  
  63  9:14  Spire  
  56  9:18  Drone  
  56  9:19  Drone x2  
  57  9:50  Drone x2  
  57  9:52  Drone  
  60  9:58  Drone  
  60  9:59  Drone x8  
  65  10:07  Zergling x2  
Show
View Real Time Build Order
Export as new Build Order

merias Terran 

Build Orders:  

Get SALT Encoding   

  12  0:11  Supply Depot  
  12  0:33  Barracks  
  12  0:35  SCV  
  13  0:47  SCV  
  14  0:50  Refinery  
  14  0:53  Refinery  
  14  1:07  SCV  
  15  1:14  Supply Depot  
  15  1:36  SCV  
  16  1:42  Barracks  
  16  1:48  SCV  
  17  1:54  Factory  
  17  2:00  SCV  
  18  2:14  SCV  
  19  2:29  Barracks Tech Lab  
  19  2:36  Ghost Academy  
  19  2:39  Barracks Tech Lab  
  19  2:44  SCV  
  20  2:47  Starport  
  20  3:05  Ghost  
  23  3:18  Personal Cloaking  
  23  3:23  SCV  
  24  3:41  Ghost  
  24  3:44  Orbital Command  
  24  3:46  Marine  
  28  3:49  Factory Tech Lab  
  28  4:10  Ghost  
  28  4:16  Supply Depot  
  31  4:38  Marine  
  32  4:39  Liberator  
  29  5:38  SCV  
  29  5:39  Siege Tank  
  30  5:47  Starport Reactor  
  30  5:50  SCV  
  30  5:54  Command Center  
  30  5:55  Marine  
  35  6:25  Liberator x2  
  23  7:20  Ghost  
  22  7:49  Ghost  
  22  8:45  SCV  
  23  8:58  SCV  
  21  9:19  SCV  
  21  9:22  Refinery  
  21  9:23  Refinery  
  7  9:50  Marine  
  8  10:07  Marine  
Tags
 
Matchup
TvZ
Replay Pack
Multiplayer
Spawn Locations
Cross Positions
Add a new tag
Caveats
  • Supply blocks, unpowered buildings, or Contaminate may cause inaccurate times.
  • Supply counts are checked every 10 seconds.